 Dungeon Crawl Stone Soup version 0.29.1-15-g9cfb28693d (webtiles) character file.

Game seed: 8556041139986015681

0 Cheops the Ducker (level 1, 0/16 HPs)
             Began as a Merfolk Gladiator on Mar 30, 2023.
             Slain by a quokka (3 damage)
             ... on level 1 of the Dungeon.
             The game lasted 00:00:16 (297 turns).

Cheops the Ducker (Merfolk Gladiator)                Turns: 297, Time: 00:00:17

Health: 0/16       AC:  4    Str: 14    XL:     1   Next: 10%
Magic:  10/10      EV: 13    Int:  7    God:
Gold:   0          SH:  0    Dex: 15    Spells: 0/0 levels left

rFire   . . .      SeeInvis .   a - +0 trident
rCold   . . .      Faith    .   (no shield)
rNeg    . . .      Spirit   .   b - +0 leather armour
rPois   .          Reflect  .   c - +0 helmet
rElec   .          Harm     .   (no cloak)
rCorr   .          Rampage  .   (no gloves)
Will    .....                   (no boots)
Stlth   +.........              (no amulet)
HPRegen 0.05/turn               f - ring of magical power
MPRegen 0.12/turn               (no ring)

@: no status effects
A: (nimble swimmer 2), mertail
a: no special abilities


You were on level 1 of the Dungeon.
You visited 1 branch of the dungeon, and saw 1 of its levels.

Inventory:

Hand Weapons
 a - a +0 trident (weapon)
Missiles
 d - 3 throwing nets (quivered)
 e - a javelin
Armour
 b - a +0 leather armour (worn)
 c - a +0 helmet (worn)
Jewellery
 f - a ring of magical power (left hand)
Potions
 g - a potion of flight {unknown}


   Skills:
 - Level 2.1 Fighting
 + Level 4.0 Polearms
 - Level 2.0 Throwing
 - Level 4.0 Dodging


You couldn't memorise any spells.
You didn't know any spells.
Your spell library was empty.

Dungeon Overview and Level Annotations

Branches:
Dungeon (1/15)

Altars:


Innate Abilities, Weirdness & Mutations

((You are very nimble when in or above water. (Stealth+, EV+, Speed+++)))
Your lower body shifts to a powerful aquatic tail in water.


Message History

* * * LOW HITPOINT WARNING * * *
The frilled lizard attacks as you move away!
The frilled lizard bites you but does no damage.
The frilled lizard attacks as you move away!
The frilled lizard misses you.
You barely miss the frilled lizard. The quokka barely misses you.
The frilled lizard closely misses you. The quokka bites you.
* * * LOW HITPOINT WARNING * * *
You hit the quokka.
The quokka is heavily wounded.
The rat bites you.
* * * LOW HITPOINT WARNING * * *
The frilled lizard closely misses you. The quokka barely misses you.
You miss the frilled lizard. The rat misses you. The quokka closely misses you.
The frilled lizard bites you.
* * * LOW HITPOINT WARNING * * *
You puncture the frilled lizard!
You kill the frilled lizard!
The quokka bites you.
* * * LOW HITPOINT WARNING * * *
The rat bites you but does no damage. The quokka barely misses you.
You barely miss the quokka.
The quokka is heavily wounded.
The rat barely misses you. The quokka closely misses you.
The rat barely misses you.
You miss the quokka.
The quokka is heavily wounded.
The quokka bites you but does no damage.
The rat bites you but does no damage.
You closely miss the quokka.
The quokka is heavily wounded.
The quokka bites you but does no damage.
The rat closely misses you. The quokka barely misses you.
You hit the quokka but do no damage.
The quokka is heavily wounded.
The quokka closely misses you. The rat closely misses you.
You closely miss the quokka.
The quokka is heavily wounded.
The quokka bites you.
You die...

.#...####≈≈##≈#####..##...###.#.
.......######## ##.P#)...#####
##........### ##.###...# #
...........## ##..###..### #
#..........## #..###.....####
#.##...........# #.#'#.......#..
...............#######...###.....
###...........#....#..## ##...#
#..............r@..#....## ##..##
#####..........r######...###...#
#..........## ##.......##
#..........# ##.....##
...........#+ ###..###
...........## ##..##.#
.........### #..##..## ###
#..#..#.## ##...###.#


You could see a quokka and a rat.

Vanquished Creatures
  A frilled lizard (D:1)
1 creature vanquished.

Notes
Turn   | Place    | Note
-------+----------+-------------------------------------------
     0 | D:1      | Cheops the Merfolk Gladiator began the quest for the Orb.
     0 | D:1      | Reached XP level 1. HP: 16/16 MP: 1/1
   297 | D:1      | Slain by a quokka

Illustrated notes

Levels and vault maps discovered:
D:1:      dpeg_cavernosity, layout_basic, ebering_ecumenical_altar_webs

Action                   || total
-------------------------++-------
Melee: Trident           ||     9
Armor: Leather armour    ||     6
Dodge: Dodged            ||    19
